[ AOE2 MATCH · #506632395 ]
UnrankedMongols vs Italians
Player's team · LOSS
Rival team · WIN
[ REPLAY ANALYSIS · EXTRACTED FROM THE RECORDED GAME ]
Feudal
14:19
Castle
30:22
Imperial
—
| APM avg | 63.7 |
| APM peak | 95 |
| eAPM avg | 24.5 |
| Villagers / military | 107 / 49 |
Focus
⚔️ 27.0% · 🌾 73.0%
Archer ×20 · Knight ×10 · Mangudai ×8 · Scout Cavalry ×4 · Skirmisher ×3 · Mangonel ×2
Feudal
13:09
Castle
20:29
Imperial
40:11
| APM avg | 49.1 |
| APM peak | 96 |
| eAPM avg | 20.7 |
| Villagers / military | 95 / 41 |
Focus
⚔️ 35.2% · 🌾 64.8%
Genoese Crossbowman ×18 · Archer ×8 · Monk ×5 · Mangonel ×4 · Militia ×2 · Trebuchet (Packed) ×2
Match map
Initial resources + every placement click. Lines = walls · curves = elevation contours. ◆ gold · ⬟ stone · ● berries · ✦ relic · ◌ wall gap
Your base· Open — unwalled flank
Trif's base· Open — 4t gap
Smoothed initial terrain · ◌ = detected wall gap · hover for details
Inputs per minute
— Guthrie_Govan - - Trif
Build order — Guthrie_Govan
First 150 of 308 actions detected
| 0:00 | Queue | Villager (Male) |
| 0:01 | Queue | Villager (Male) |
| 0:02 | Build | House |
| 0:04 | Build | House |
| 0:09 | Queue | Villager (Male) |
| 0:18 | Queue | Villager (Male) |
| 1:32 | Queue | Villager (Male) |
| 1:32 | Queue | Villager (Male) |
| 2:01 | Build | Lumber Camp |
| 2:05 | Queue | Villager (Male) |
| 2:21 | Queue | Villager (Male) |
| 2:40 | Queue | Villager (Male) |
| 2:41 | Queue | Villager (Male) |
| 3:19 | Queue | Villager (Male) |
| 3:35 | Build | House |
| 3:50 | Queue | Villager (Male) |
| 3:51 | Queue | Villager (Male) |
| 4:08 | Build | House |
| 4:19 | Queue | Villager (Male) |
| 4:34 | Queue | Villager (Male) |
| 4:37 | Queue | Villager (Male) |
| 5:03 | Queue | Villager (Male) |
| 5:05 | Build | Mill |
| 5:40 | Research | Loom |
| 6:04 | Queue | Villager (Male) |
| 6:23 | Queue | Villager (Male) |
| 6:49 | Queue | Villager (Male) |
| 7:12 | Build | Town Center |
| 7:20 | Build | Palisade Wall |
| 7:24 | Build | Palisade Wall |
| 8:06 | Queue | Villager (Male) |
| 8:06 | Queue | Villager (Male) |
| 8:06 | Queue | Villager (Male) |
| 8:07 | Queue | Villager (Male) |
| 8:12 | Build | Palisade Wall |
| 8:14 | Build | Palisade Wall |
| 8:16 | Build | House |
| 8:23 | Build | Palisade Wall |
| 8:24 | Build | Palisade Wall |
| 8:26 | Build | Palisade Wall |
| 8:26 | Build | Palisade Wall |
| 8:27 | Build | Palisade Wall |
| 8:29 | Build | Palisade Wall |
| 9:00 | Queue | Villager (Male) |
| 9:01 | Queue | Villager (Male) |
| 9:08 | Build | Palisade Wall |
| 10:01 | Build | Mill |
| 10:06 | Queue | Villager (Male) |
| 10:30 | Queue | Villager (Male) |
| 10:52 | Queue | Villager (Male) |
| 11:11 | Build | House |
| 11:23 | Queue | Villager (Male) |
| 11:46 | Build | Palisade Wall |
| 11:51 | Build | Palisade Wall |
| 11:52 | Build | Palisade Wall |
| 11:55 | Build | Palisade Wall |
| 11:57 | Build | Palisade Wall |
| 12:09 | Research | Feudal Age |
| 12:09 | Research | Feudal Age |
| 12:39 | Build | House |
| 12:59 | Build | Mining Camp |
| 13:09 | Build | Barracks |
| 13:32 | Build | Lumber Camp |
| 13:38 | Build | Mining Camp |
| 14:19 | Age | Feudal Age |
| 14:28 | Research | Double-Bit Axe |
| 14:28 | Research | Double-Bit Axe |
| 14:29 | Queue | Villager (Male) |
| 14:37 | Build | Watch Tower |
| 14:39 | Queue | Villager (Male) |
| 14:52 | Build | Archery Range |
| 14:56 | Queue | Villager (Male) |
| 15:08 | Queue | Villager (Male) |
| 15:12 | Build | Blacksmith |
| 15:18 | Build | House |
| 15:29 | Build | Watch Tower |
| 15:35 | Queue | Villager (Male) |
| 15:40 | Build | Farm |
| 15:43 | Build | House |
| 15:49 | Queue | Archer |
| 16:01 | Build | Stone Wall |
| 16:05 | Build | Stone Wall |
| 16:34 | Queue | Archer |
| 16:34 | Queue | Archer |
| 16:36 | Queue | Villager (Male) |
| 16:40 | Build | Farm |
| 16:51 | Build | Farm |
| 16:52 | Build | Farm |
| 17:00 | Build | Palisade Wall |
| 17:07 | Queue | Archer |
| 17:08 | Queue | Villager (Male) |
| 17:27 | Build | Watch Tower |
| 17:31 | Queue | Archer |
| 17:37 | Research | Fletching |
| 17:37 | Research | Fletching |
| 17:38 | Queue | Villager (Male) |
| 17:45 | Queue | Villager (Male) |
| 17:48 | Build | Farm |
| 17:58 | Queue | Archer |
| 18:10 | Build | House |
| 18:11 | Build | Palisade Wall |
| 18:13 | Build | Watch Tower |
| 18:15 | Build | Palisade Wall |
| 18:46 | Queue | Villager (Male) |
| 18:57 | Queue | Archer |
| 18:59 | Queue | Villager (Male) |
| 19:04 | Build | Farm |
| 19:07 | Queue | Archer |
| 19:17 | Queue | Villager (Male) |
| 19:28 | Build | Farm |
| 19:38 | Build | Watch Tower |
| 19:41 | Queue | Archer |
| 19:42 | Queue | Villager (Male) |
| 19:46 | Build | House |
| 19:52 | Build | Farm |
| 19:53 | Build | Farm |
| 20:12 | Queue | Archer |
| 20:15 | Build | Archery Range |
| 20:22 | Queue | Villager (Male) |
| 20:30 | Queue | Villager (Male) |
| 20:46 | Build | Farm |
| 20:55 | Build | Palisade Wall |
| 21:08 | Queue | Villager (Male) |
| 21:14 | Build | Palisade Wall |
| 21:32 | Queue | Villager (Male) |
| 21:38 | Queue | Archer |
| 21:38 | Queue | Archer |
| 21:50 | Build | Watch Tower |
| 21:52 | Queue | Villager (Male) |
| 21:57 | Queue | Skirmisher |
| 21:57 | Queue | Skirmisher |
| 21:58 | Queue | Skirmisher |
| 22:08 | Build | Gate |
| 22:16 | Build | House |
| 22:41 | Queue | Villager (Male) |
| 22:42 | Queue | Villager (Male) |
| 23:03 | Build | Stable |
| 23:32 | Queue | Villager (Male) |
| 23:38 | Build | Farm |
| 23:41 | Build | House |
| 23:45 | Build | Watch Tower |
| 23:53 | Build | House |
| 24:01 | Build | Watch Tower |
| 24:03 | Queue | Villager (Male) |
| 24:07 | Build | House |
| 24:07 | Build | House |
| 24:08 | Build | House |
| 24:13 | Queue | Scout Cavalry |
| 24:14 | Queue | Scout Cavalry |
| 24:14 | Queue | Scout Cavalry |
Build order — Trif
First 150 of 228 actions detected
| 0:01 | Queue | Villager (Male) |
| 0:01 | Queue | Villager (Male) |
| 0:02 | Queue | Villager (Male) |
| 0:03 | Build | House |
| 0:04 | Build | House |
| 0:07 | Queue | Villager (Male) |
| 0:07 | Queue | Villager (Male) |
| 1:41 | Queue | Villager (Male) |
| 1:41 | Queue | Villager (Male) |
| 1:41 | Queue | Villager (Male) |
| 2:01 | Build | Lumber Camp |
| 2:09 | Queue | Villager (Male) |
| 2:09 | Queue | Villager (Male) |
| 2:09 | Queue | Villager (Male) |
| 2:16 | Queue | Villager (Male) |
| 2:17 | Queue | Villager (Male) |
| 2:55 | Queue | Villager (Male) |
| 2:55 | Queue | Villager (Male) |
| 2:55 | Queue | Villager (Male) |
| 3:00 | Queue | Villager (Male) |
| 3:01 | Queue | Villager (Male) |
| 3:58 | Queue | Villager (Male) |
| 3:58 | Queue | Villager (Male) |
| 4:03 | Build | House |
| 4:35 | Build | Barracks |
| 4:47 | Queue | Villager (Male) |
| 4:48 | Queue | Villager (Male) |
| 4:48 | Queue | Villager (Male) |
| 4:48 | Queue | Villager (Male) |
| 4:48 | Queue | Villager (Male) |
| 5:15 | Research | Loom |
| 5:30 | Queue | Militia |
| 5:56 | Queue | Militia |
| 6:08 | Queue | Villager (Male) |
| 6:09 | Queue | Villager (Male) |
| 6:35 | Build | Mill |
| 6:53 | Build | House |
| 7:16 | Queue | Villager (Male) |
| 7:55 | Queue | Villager (Male) |
| 7:55 | Queue | Villager (Male) |
| 8:29 | Queue | Villager (Male) |
| 8:30 | Queue | Villager (Male) |
| 8:31 | Queue | Villager (Male) |
| 9:47 | Build | Town Center |
| 10:59 | Research | Feudal Age |
| 13:09 | Age | Feudal Age |
| 13:14 | Build | Archery Range |
| 13:16 | Queue | Villager (Male) |
| 13:20 | Build | Market |
| 13:27 | Build | House |
| 13:28 | Build | House |
| 13:31 | Build | House |
| 13:32 | Queue | Villager (Male) |
| 13:33 | Queue | Villager (Male) |
| 13:49 | Queue | Archer |
| 13:49 | Queue | Archer |
| 13:56 | Research | Double-Bit Axe |
| 13:57 | Research | Double-Bit Axe |
| 13:59 | Research | Horse Collar |
| 14:00 | Research | Horse Collar |
| 14:08 | Build | Blacksmith |
| 14:14 | Queue | Villager (Male) |
| 14:26 | Queue | Archer |
| 14:52 | Queue | Archer |
| 14:58 | Queue | Villager (Male) |
| 15:10 | Queue | Archer |
| 15:36 | Research | Fletching |
| 15:49 | Build | Mining Camp |
| 16:49 | Queue | Villager (Male) |
| 17:05 | Queue | Archer |
| 17:11 | Queue | Villager (Male) |
| 17:17 | Build | House |
| 17:49 | Research | Castle Age |
| 17:50 | Research | Castle Age |
| 17:57 | Queue | Archer |
| 19:08 | Build | Mill |
| 19:09 | Build | Farm |
| 19:10 | Build | Farm |
| 19:10 | Build | Farm |
| 19:10 | Build | Farm |
| 19:10 | Build | Farm |
| 19:11 | Build | Farm |
| 19:11 | Build | Farm |
| 19:18 | Queue | Archer |
| 19:21 | Queue | Skirmisher |
| 19:55 | Build | Watch Tower |
| 20:29 | Age | Castle Age |
| 20:44 | Queue | Villager (Male) |
| 20:45 | Queue | Villager (Male) |
| 20:47 | Build | Siege Workshop |
| 20:50 | Build | House |
| 20:52 | Build | House |
| 20:55 | Build | House |
| 21:30 | Queue | Mangonel |
| 22:33 | Build | Farm |
| 22:51 | Queue | Scorpion |
| 23:34 | Queue | Villager (Male) |
| 23:34 | Queue | Villager (Male) |
| 23:35 | Queue | Villager (Male) |
| 24:48 | Build | Town Center |
| 24:56 | Research | Bodkin Arrow |
| 24:56 | Research | Bodkin Arrow |
| 24:58 | Queue | Villager (Male) |
| 24:58 | Queue | Villager (Male) |
| 25:43 | Queue | Villager (Male) |
| 25:44 | Queue | Villager (Male) |
| 26:05 | Build | House |
| 26:16 | Queue | Villager (Male) |
| 26:38 | Build | Monastery |
| 26:39 | Queue | Villager (Male) |
| 26:43 | Build | Farm |
| 26:43 | Build | Farm |
| 26:43 | Build | Farm |
| 27:04 | Queue | Villager (Male) |
| 27:42 | Queue | Villager (Male) |
| 27:44 | Queue | Monk |
| 27:46 | Build | Farm |
| 27:55 | Build | Lumber Camp |
| 28:07 | Queue | Villager (Male) |
| 28:07 | Queue | Villager (Male) |
| 28:13 | Build | Mining Camp |
| 28:22 | Build | Farm |
| 28:24 | Queue | Villager (Male) |
| 28:29 | Queue | Mangonel |
| 28:29 | Queue | Mangonel |
| 29:08 | Build | Lumber Camp |
| 29:17 | Queue | Mangonel |
| 29:19 | Queue | Villager (Male) |
| 29:31 | Research | Wheelbarrow |
| 29:45 | Queue | Monk |
| 30:19 | Queue | Villager (Male) |
| 30:19 | Queue | Villager (Male) |
| 30:31 | Queue | Villager (Male) |
| 31:12 | Build | Castle |
| 31:37 | Queue | Villager (Male) |
| 31:43 | Queue | Villager (Male) |
| 31:43 | Queue | Villager (Male) |
| 31:48 | Queue | Villager (Male) |
| 31:49 | Queue | Villager (Male) |
| 31:52 | Build | Lumber Camp |
| 31:54 | Build | Farm |
| 31:54 | Build | Farm |
| 31:54 | Build | Farm |
| 31:55 | Build | Farm |
| 32:10 | Queue | Villager (Male) |
| 32:12 | Queue | Villager (Male) |
| 32:35 | Queue | Villager (Male) |
| 32:49 | Queue | Monk |
| 33:01 | Queue | Genoese Crossbowman |
| 33:01 | Queue | Genoese Crossbowman |
Match timeline
| 4:35 | Trif · first_building Barracks |
| 7:20 | Guthrie_Govan · wall_segment Palisade Wall x1 |
| 7:24 | Guthrie_Govan · wall_segment Palisade Wall x1 |
| 8:12 | Guthrie_Govan · wall_segment Palisade Wall x1 |
| 8:14 | Guthrie_Govan · wall_segment Palisade Wall x1 |
| 8:23 | Guthrie_Govan · wall_segment Palisade Wall x1 |
| 8:24 | Guthrie_Govan · wall_segment Palisade Wall x1 |
| 8:26 | Guthrie_Govan · wall_segment Palisade Wall x1 |
| 8:26 | Guthrie_Govan · wall_segment Palisade Wall x1 |
| 8:27 | Guthrie_Govan · wall_segment Palisade Wall x1 |
| 8:29 | Guthrie_Govan · wall_segment Palisade Wall x1 |
| 9:08 | Guthrie_Govan · wall_segment Palisade Wall x1 |
| 11:46 | Guthrie_Govan · wall_segment Palisade Wall x1 |
| 11:51 | Guthrie_Govan · wall_segment Palisade Wall x1 |
| 11:52 | Guthrie_Govan · wall_segment Palisade Wall x1 |
| 11:55 | Guthrie_Govan · wall_segment Palisade Wall x1 |
| 11:57 | Guthrie_Govan · wall_segment Palisade Wall x1 |
| 13:09 | Guthrie_Govan · first_building Barracks |
| 13:09 | Trif · age_up feudal |
| 13:14 | Trif · first_building Archery Range |
| 14:19 | Guthrie_Govan · age_up feudal |
| 14:52 | Guthrie_Govan · first_building Archery Range |
| 15:32 | Trif · first_market_sell 100 wood |
| 15:34 | Trif · first_market_buy 100 food |
| 16:01 | Guthrie_Govan · wall_segment Stone Wall x1 |
| 16:05 | Guthrie_Govan · wall_segment Stone Wall x1 |
| 17:00 | Guthrie_Govan · wall_segment Palisade Wall x13 |
| 18:11 | Guthrie_Govan · wall_segment Palisade Wall x1 |
| 18:15 | Guthrie_Govan · wall_segment Palisade Wall x1 |
| 20:29 | Trif · age_up castle |
| 20:47 | Trif · first_building Siege Workshop |
| 20:55 | Guthrie_Govan · wall_segment Palisade Wall x13 |
| 21:14 | Guthrie_Govan · wall_segment Palisade Wall x12 |
| 23:03 | Guthrie_Govan · first_building Stable |
| 26:38 | Trif · first_building Monastery |
| 27:35 | Guthrie_Govan · first_market_sell 100 stone |
| 27:36 | Guthrie_Govan · first_market_buy 100 food |
| 30:22 | Guthrie_Govan · age_up castle |
| 31:12 | Trif · first_building Castle |
| 32:42 | Guthrie_Govan · first_building Siege Workshop |
| 36:00 | Guthrie_Govan · first_building Castle |
| 37:00 | Guthrie_Govan · wall_segment Palisade Wall x2 |
| 37:03 | Guthrie_Govan · wall_segment Palisade Wall x1 |
| 40:11 | Trif · age_up imperial |
| 42:37 | Guthrie_Govan · resign |
[ AI ANALYSIS · 1 CREDIT ]
What really happened in this match?
Wolo.gg analyzes every decision: build order, eco, micro, common mistakes by bracket. Personalized analysis on WhatsApp or Discord in 30 seconds.
Civ guide
Mongols
Perfil
Jugador #4224302